 Dungeon Crawl Stone Soup version 0.29-a0-284-gf9362112df (webtiles) character file.

Game seed: 129630966722840820

34433 spaghetti the Spry (level 13, -1/90 HPs)
             Began as an Octopode Ice Elementalist on Mar 21, 2022.
             Was an Initiate of Yredelemnul.
             Slain by an elephant (4 damage)
             ... on level 5 of the Lair of Beasts.
             The game lasted 00:39:29 (20012 turns).

spaghetti the Spry (Octopode Ice Elementalist)     Turns: 20012, Time: 00:39:29

Health: -1/90      AC:  6    Str:  8    XL:     13   Next: 77%
Magic:  17/19      EV: 41    Int: 20    God:    Yredelemnul [......]
Gold:   955        SH:  0    Dex: 22    Spells: 11/20 levels left

rFire   + . .      SeeInvis .   b - +2 short sword (elec) {short}
rCold   + . .      Faith    .   (no shield)
rNeg    . . .      Spirit   .   m - +1 hat
rPois   .          Reflect  .   T - amulet of the acrobat
rElec   .          Harm     .   x - +6 ring of dexterity
rCorr   +          Rampage  .   s - ring of protection from fire
Will    +....                   j - ring of resist corrosion
Stlth   ++++......              B - +4 ring of protection
HPRegen 0.25/turn               I - ring of protection from cold
MPRegen 0.16/turn               R - ring of willpower
                                (no ring)
                                (no ring)

@: acrobatic
A: almost no armour, amphibious, 8 rings, camouflage 1, gelatinous body 1,
(nimble swimmer 1), tentacles, clever 1, noise suppression
a: Renounce Religion, Recall Undead Harvest


You were on level 5 of the Lair of Beasts.
You worshipped Yredelemnul.
Yredelemnul was aware of your devotion.
You visited 2 branches of the dungeon, and saw 17 of its levels.

You collected 955 gold pieces.


Innate Abilities, Weirdness & Mutations

You cannot wear most types of armour.
You are amphibious.
You can wear up to eight rings at the same time.
Your skin changes colour to match your surroundings (Stealth+).
Your rubbery body absorbs attacks. (AC +1, EV +1)
((You are camouflaged when in or above water. (Stealth+)))
You have tentacles for arms and can constrict up to eight enemies at once.
Your mind is acute. (Int +2)
You passively dampen the noise of your surroundings.


   Skills:
 + Level 9.3 Fighting
 + Level 10.5 Slings
 * Level 16.0 Dodging
 - Level 2.6 Stealth
 - Level 4.0 Spellcasting
 - Level 4.0 Ice Magic
 - Level 2.0 Air Magic
 - Level 4.0 Earth Magic
 + Level 8.1 Invocations


You had 11 spell levels left.
You knew the following spells:

 Your Spells              Type           Power      Damage    Failure   Level
a - Freeze                Ice            80%        1d9       2%          1
b - Ozocubu's Armour      Ice            20%        N/A       8%          3
c - Passwall              Tmut/Erth      10%        N/A       9%          2
d - Swiftness             Air            12%        N/A       17%         3

Your spell library contained the following spells:

 Spells                   Type           Power      Damage    Failure   Level
 Frozen Ramparts          Ice            40%        1d6       8%          3
 Ensorcelled Hibernation  Hex/Ice        24%        N/A       9%          2
 Magic Dart               Conj           16%        1d3       13%         1
 Searing Ray              Conj           8%         2d4       19%         2
 Gell's Gravitas          Tloc           4%         N/A       36%         3
 Teleport Other           Tloc           4%         N/A       36%         3
 Tukima's Dance           Hex            4%         N/A       36%         3
 Hailstorm                Conj/Ice       12%        3d5       50%         4
 Cause Fear               Hex            2%         N/A       77%         4
 Fulminant Prism          Conj/Hex       2%         3d6       77%         4
 Passage of Golubria      Tloc           4%         N/A       77%         4
 Blade Hands              Tmut           2%         N/A       98%         5
 Irradiate                Conj/Tmut      2%         3d14      98%         5
 Yara's Violent Unravell  Hex/Tmut       2%         3d3       98%         5
 Dispersal                Tloc           2%         N/A       100%        6
 Dragon Form              Tmut           2%         N/A       100%        7
 Dragon's Call            Summ           2%         N/A       100%        9

Inventory:

Hand Weapons
 a - a +12 fustibalus of flaming {sling}
   (You acquired it on level 3 of the Dungeon)
 b - a +2 short sword of electrocution (weapon) {short}
   (You took it off an orc on level 9 of the Dungeon)
 d - a +0 hand axe {axe}
   (You found it on level 1 of the Dungeon)
 e - a +0 dagger {short}
   (You took it off a goblin on level 1 of the Dungeon)
 g - a +0 dagger {short}
   (You took it off a kobold on level 1 of the Dungeon)
 z - a +2 short sword of venom {short}
   (You found it on level 1 of the Dungeon)
Missiles
 h - 437 stones {throwing}
 v - 10 boomerangs {throwing}
 w - 20 poisoned darts {throwing}
 y - 6 throwing nets {=f!fthrowing}
 L - 4 boomerangs of dispersal {=f!fthrowing}
 P - 5 javelins {throwing}
Armour
 m - a +1 hat (worn)
   (You found it on level 5 of the Dungeon)
 n - a +0 kite shield
   (You found it on level 3 of the Dungeon)
Magical Staves
 q - a staff of air {!astaff}
   (You found it on level 4 of the Dungeon)
 u - a staff of fire {!astaff}
   (You found it on level 4 of the Dungeon)
Jewellery
 j - a ring of resist corrosion (on tentacle)
   (You found it on level 2 of the Dungeon)
 s - a ring of protection from fire (right tentacle)
   (You found it on level 4 of the Dungeon)
 x - a +6 ring of dexterity (left tentacle)
   (You found it on level 5 of the Dungeon)
 B - a +4 ring of protection (on tentacle)
   (You found it on level 6 of the Dungeon)
 I - a ring of protection from cold (on tentacle)
   (You found it on level 7 of the Dungeon)
 R - a ring of willpower (on tentacle)
   (You found it on level 2 of the Lair of Beasts)
 T - an amulet of the acrobat (around mantle)
   (You found it on level 2 of the Lair of Beasts)
Wands
 k - a wand of mindburst (10)
   (You found it on level 2 of the Dungeon)
 p - a wand of digging (10)
   (You found it on level 10 of the Dungeon)
 r - a wand of iceblast (20)
   (You found it on level 4 of the Dungeon)
 O - a wand of flame (15)
   (You found it on level 11 of the Dungeon)
 V - a wand of charming (4)
   (You found it on level 5 of the Lair of Beasts)
Scrolls
 f - 5 scrolls of immolation {!r!r}
 o - 4 scrolls of teleportation {@r4}
 t - 3 scrolls of enchant weapon
 A - 2 scrolls of vulnerability {!r!r}
 C - 3 scrolls of magic mapping {!r}
 D - 3 scrolls of amnesia
 F - a scroll of enchant armour
 H - 2 scrolls of torment {!r}
 J - 2 scrolls of brand weapon
 K - a scroll of fog
 N - 2 scrolls of noise {!r}
 S - a scroll of holy word {forbidden}
Potions
 c - a potion of magic
 l - 2 potions of flight
 E - a potion of attraction {!q}
 G - 2 potions of brilliance
 U - 2 potions of lignification {!q}
Miscellaneous
 i - a phial of floods (inert)
   (You found it on level 10 of the Dungeon)

Dungeon Overview and Level Annotations

Branches:
Dungeon (11/15)            Temple (0/1) D:4            Lair (6/6) D:10
 Shoals (0/4) Lair:3        Snake (0/4) Lair:2        Slime (0/5) Lair:5
    Orc (0/2) D:9

Altars:
Hepliaklqana
Yredelemnul
Jiyva

Portals:
Ice
Cave: Lair:4

Annotations:
D:7 3 runed translucent doors, frimble's ghost, novice DjCA
D:8 2 transporters
D:10 3 runed translucent doors, LobsterGuardian's ghost, novice FeEn; domi's ghost, journeyman DsWz
D:11 exclusion: 4 doors
Lair:6 Urug

#......# #.........+.
##...### #.........##
#...# ##........## #PZ##
#........# ##.##
#.#.+P##.# ###..#
#######...### ##.#.##
#.# ###..##P##
#..#..####.###.....#..#
#.....@Y.<.##...[......
#.........P##..........
#.........P#...........
##.....................
##..........#..........
#P.....................
##......................
#.#..........#..........
###........##...........


You could see an elephant.


Message History

Your mp is fully restored (19).
You start resting.
An elephant is nearby! 😱 HP[+1] Unknown command.
Your +2 short sword of electrocution {short} stops crackling.
Your +12 fustibalus of flaming {sling} bursts into flame!
a - a +12 fustibalus of flaming (weapon)
{sling} Fire: a) +12 fustibalus (flame) {sling}
Press: ? - help, Q - select action, (/) - cycle Shift-Dir - straight line, f - elephant
Aim: an elephant (wandering, hasn't noticed you, 93% to hit)
You shoot a sling bullet. The sling bullet hits the elephant!
The sling bullet burns the elephant.
Fire: a) +12 fustibalus (flame) {sling}
Press: ? - help, Q - select action, (/) - cycle Shift-Dir - straight line, f/p - elephant
Aim: an elephant (moderately wounded, 93% to hit)
You shoot a sling bullet. The sling bullet hits the elephant!
The sling bullet burns the elephant. 😱 HP[+1] Fire: a) +12 fustibalus (flame) {sling}
Press: ? - help, Q - select action, (/) - cycle Shift-Dir - straight line, f/p - elephant
Aim: an elephant (heavily wounded, 93% to hit)
You shoot a sling bullet.
The sling bullet hits the elephant but does no damage.
Fire: a) +12 fustibalus (flame) {sling}
Press: ? - help, Q - select action, (/) - cycle Shift-Dir - straight line, f/p - elephant
Aim: an elephant (heavily wounded, 93% to hit)
You shoot a sling bullet. The sling bullet hits the elephant.
The sling bullet burns the elephant. 😱 HP[+1]
The elephant attacks as you move away! The elephant completely misses you.
The elephant misses you. 😱 HP[+1]
The elephant attacks as you move away! The elephant completely misses you. x2
The elephant attacks as you move away! The elephant tramples you!
* * * LOW HITPOINT WARNING * * *
The elephant barely misses you.
There is an open door here. 😱 HP[-8]
You take 8 damage, and now have 11/90 hp.
There is an open door here. 😱 HP[+1]
Press: ? - help, v - describe, . - travel
Here: an elephant (heavily wounded)
The floor.
The elephant attacks as you move away! The elephant barely misses you.
The elephant completely misses you. 😱 HP[+1]
The elephant attacks as you move away! The elephant completely misses you. x2
The elephant attacks as you move away! The elephant completely misses you. x2
The elephant attacks as you move away! The elephant misses you. x2 😱 HP[+1]
The elephant attacks as you move away! The elephant barely misses you.
The elephant completely misses you. 😱 HP[+1]
Okay, then.
Okay, then.
Okay, then.
Okay, then.
Okay, then.
Okay, then.
Casting: Passwall (safe; 9% risk of failure)
Confirm with . or Enter, or press ? or * to list all spells.
A film of ice covers your body! The elephant misses you.
The elephant barely misses you. 😱 MP[-3]
You lost 3 mp, and now have 16/19 mp.
Your +12 fustibalus of flaming {sling} stops flaming.
You hear the crackle of electricity.
b - a +2 short sword of electrocution (weapon)
{short} The elephant tramples you but does no damage.
The elephant completely misses you.
You hit the elephant but do no damage.
The elephant tramples you but does no damage.
The elephant trunk-slaps you but does no damage.
You hit the elephant. The elephant misses you. x2 😱 HP[+1]
You hit the elephant. You squeeze the elephant. The elephant tramples you!
* * * LOW HITPOINT WARNING * * *
You hold your ground!
The elephant trunk-slaps you but does no damage. 😱 HP[-10]
You take 10 damage, and now have 6/90 hp.
You hit the elephant but do no damage. The elephant tramples you.
* * * LOW HITPOINT WARNING * * *
You stumble backwards!
Your icy armour cracks and falls away as you move. 😱 HP[-4]
You take 4 damage, and now have 2/90 hp.
Okay, then.
Okay, then.
Okay, then.
Okay, then.
The elephant misses you.
The elephant barely misses you. 😱 MP[+1] 😱 HP[+1]
The elephant attacks as you move away! The elephant completely misses you.
The elephant trunk-slaps you.
You die...
Your body rises from the dead as a mindless zombie.

Skill      XL: |  1  2  3  4  5  6  7  8  9 10 11 12 13 |
---------------+----------------------------------------+-----
Spellcasting   | 3 4 |  4.0
Dodging        | 3 4 5 7 9 10 12 13 15 16 | 16.0
Slings         | 1 2 4 5 7 8 9 10 | 10.5
Fighting       | 3 5 7 8 9 |  9.3
Invocations    | 4 6 8 |  8.1
Air Magic      | 2 |  2.0
Earth Magic    | 2 4 |  4.0
Stealth        | |  2.6
Ice Magic      | |  4.0

Action                   |  1- 3 |  4- 6 |  7- 9 | 10-12 | 13-15 || total
-------------------------+-------+-------+-------+-------+-------++-------
Melee: Tentacles         |    10 |     6 |       |    79 |    56 ||   151
       Unarmed           |     2 |       |       |       |       ||     2
       Constrict         |    14 |     6 |       |    38 |    16 ||    74
       Short sword       |    44 |    48 |       |   248 |   154 ||   494
       Dagger            |     7 |       |       |       |       ||     7
       Punch             |       |     2 |       |     5 |     4 ||    11
       Fustibalus        |       |       |       |     4 |       ||     4
 Fire: Fustibalus        |       |    38 |   134 |   292 |    72 ||   536
Throw: Stone             |     4 |    10 |       |       |       ||    14
 Cast: Freeze            |     6 |       |       |       |       ||     6
       Ozocubu's Armour  |       |       |       |       |     2 ||     2
       Passwall          |       |       |       |       |     1 ||     1
Invok: Recall Undead Har |       |       |       |     2 |       ||     2
       Dark Bargain      |       |       |       |     6 |     5 ||    11
Evoke: Phial of floods   |       |       |       |     2 |       ||     2
       Wand              |       |       |       |     1 |       ||     1
  Use: Potion            |     1 |     1 |       |    15 |     2 ||    19
       Scroll            |       |     5 |       |    14 |     3 ||    22
 Stab: Sleeping          |    11 |     4 |       |     3 |     3 ||    21
       Confused          |       |       |       |     1 |       ||     1
       Distracted        |       |       |       |     6 |     3 ||     9
Armor: Skin              |     2 |    30 |     7 |    80 |    31 ||   150
Dodge: Dodged            |    37 |    32 |    30 |   480 |   295 ||   874

Levels and vault maps discovered:
D:1:      erik_arrival_triangle_small, layout_loops_ring,
          shapermc_ecumenical_altar_ellora, corexii_leaking_fountain,
          chequers_serial_rivers_micro_d
D:2:      layout_loops_corners
D:3:      layout_basic
D:4:      layout_rooms, minmay_temple_entry_glass, minmay_misc_feat_enclosed,
          uniq_edmund
D:5:      wad_crossroads, layout_loops_ring, minmay_misc_feat_room,
          grunt_ministairs_11, uniq_blork_the_orc
D:6:      layout_gridville, nicolae_hepliaklqana_hazy_memory,
          kennysheep_doodads, glass_columns_a, minmay_between, uniq_menkaure,
          uniq_eustachio
D:7:      hellmonk_ruined_rings, layout_basic, gammafunk_ghost_icy
D:8:      gammafunk_boulding_lane, layout_cave_pools
D:9:      layout_roguey, erik_orc_1, special_room [special_room_orc],
          serial_glass, glass_columns_b, glass_columns_b, due_unseen_surprise,
          feat_on_display, uniq_harold
D:10:     layout_big_octagon, grunt_lair_entry_orc_guard_hut,
          gammafunk_ghost_cemetery, enter_bailey_8, hex_medium
D:11:     cheibrodos_fzero, layout_grid_maze
Lair:1:   layout_chaotic_city, chequers_serial_rivers_small_b,
          cheibrodos_lair_reptile_den, uniq_maggie
Lair:2:   layout_layer_cave, minmay_snake_entry_six_corridors
Lair:3:   layout_misc_corridors, minmay_shoals_entry_beasts,
          gauntlet_entry_generic
Lair:4:   layout_regular_city, portal_ice_cave_entry_ice_simulacra
Lair:5:   layout_roguey, dpeg_slime_entry_enclosed_altar
Lair:6:   hellmonk_lair_end_abyssal_woods, layout_cave_pods, grunt_megastairs_3,
          uniq_urug

Notes
Turn   | Place    | Note
-------+----------+-------------------------------------------
     0 | D:1      | spaghetti the Octopode Ice Elementalist began the quest for
                  | the Orb.
     0 | D:1      | Reached XP level 1. HP: 11/11 MP: 3/3
     0 | D:1      | magus.rc [v1.9.6]
   290 | D:1      | Reached XP level 2. HP: 14/17 MP: 0/5
   576 | D:1      | Reached skill level 3 in Spellcasting
   661 | D:1      | Reached XP level 3. HP: 9/21 MP: 7/7
   901 | D:1      | Found a faded altar of an unknown god.
   919 | D:1      | Prayed at the altar of an unknown god.
   919 | D:1      | Became a worshipper of Yredelemnul the Dark
   919 | D:1      | Reached * piety under Yredelemnul
  1010 | D:1      | Learned a level 3 spell: Ozocubu's Armour
  1081 | D:1      | You add the spells Tukima's Dance, Passage of Golubria and
                  | Yara's Violent Unravelling to your library.
  1174 | D:2      | You pick up a book of Frost and begin reading...
  1600 | D:2      | Reached XP level 4. HP: 27/27 MP: 9/9
  1663 | D:2      | Reached ** piety under Yredelemnul
  1823 | D:2      | HP: 6/27 [poisoned by an adder]
  2064 | D:2      | Reached *** piety under Yredelemnul
  2244 | D:3      | Identified a scroll of acquirement
  2244 | D:3      | Acquired a +12 fustibalus of flaming
  2341 | D:3      | Reached skill level 3 in Dodging
  2927 | D:4      | Found a staircase to the Ecumenical Temple.
  3026 | D:4      | Noticed Edmund
  3037 | D:4      | Noticed a scorpion
  3042 | D:4      | Killed a scorpion
  3043 | D:4      | Reached skill level 1 in Slings
  3043 | D:4      | Reached XP level 5. HP: 31/31 MP: 10/10
  3048 | D:4      | Killed Edmund
  3049 | D:4      | Reached skill level 4 in Dodging
  3049 | D:4      | Reached skill level 4 in Spellcasting
  3049 | D:4      | Reached XP level 6. HP: 18/36 MP: 10/12
  3347 | D:4      | Noticed a black bear
  3350 | D:4      | Killed a black bear
  3351 | D:4      | Reached skill level 2 in Slings
  3351 | D:4      | Reached skill level 5 in Dodging
  3442 | D:5      | Entered Level 5 of the Dungeon
  3668 | D:5      | Reached XP level 7. HP: 28/41 MP: 13/13
  4007 | D:5      | Reached skill level 3 in Slings
  4007 | D:5      | Reached skill level 6 in Dodging
  4370 | D:5      | HP: 10/41 [poisoned by a water moccasin]
  4375 | D:5      | HP: 5/41 [poisoned by a water moccasin]
  4376 | D:5      | Reached skill level 4 in Slings
  4376 | D:5      | Reached skill level 7 in Dodging
  4376 | D:5      | Reached XP level 8. HP: 5/46 MP: 14/14
  4690 | D:5      | Noticed Blork the orc
  4693 | D:5      | Killed Blork the orc
  5134 | D:6      | You pick up a book of Frost and begin reading...
  5172 | D:6      | Reached skill level 8 in Dodging
  5176 | D:6      | Reached skill level 5 in Slings
  5243 | D:6      | You pick up a book of Frost and begin reading...
  5252 | D:6      | Found a hazy altar of Hepliaklqana.
  5258 | D:6      | Noticed Eustachio
  5316 | D:6      | Noticed Menkaure
  5377 | D:6      | Killed Eustachio
  5423 | D:6      | Killed Menkaure
  5424 | D:6      | Reached skill level 9 in Dodging
  5424 | D:6      | Reached XP level 9. HP: 51/51 MP: 15/15
  5615 | D:6      | Reached skill level 6 in Slings
  5839 | D:6      | Reached skill level 1 in Fighting
  5856 | D:6      | Reached skill level 10 in Dodging
  6042 | D:7      | Reached skill level 2 in Fighting
  6308 | D:7      | Found a runed translucent gate.
  6308 | D:7      | Found a runed translucent gate.
  6308 | D:7      | Found a runed translucent gate.
  6334 | D:7      | Reached skill level 7 in Slings
  6511 | D:7      | Reached skill level 3 in Fighting
  6511 | D:7      | Reached XP level 10. HP: 24/63 MP: 16/16
  6772 | D:7      | Noticed frimble's ghost (novice DjCA)
  7056 | D:8      | Noticed a centaur warrior
  7063 | D:8      | Killed a centaur warrior
  7064 | D:8      | Reached skill level 11 in Dodging
  7345 | D:8      | Found a transporter.
  7364 | D:8      | Reached skill level 4 in Fighting
  7394 | D:8      | You pick up a book of Transfigurations {@e2} and begin
                  | reading...
  7394 | D:8      | You add the spells Irradiate, Blade Hands and Dragon Form
                  | to your library.
  7605 | D:8      | Found a transporter.
  7605 | D:8      | Noticed a boulder beetle
  7761 | D:9      | HP: 24/97 [wyvern (10)]
  7764 | D:9      | Gained mutation: Your mind is acute. (Int +2) [potion of
                  | mutation]
  7764 | D:9      | Gained mutation: You passively dampen the noise of your
                  | surroundings. [potion of mutation]
  7767 | D:9      | HP: 20/97 [wyvern (8)]
  8385 | D:9      | Reached skill level 8 in Slings
  8391 | D:9      | Noticed Harold
  8405 | D:9      | Killed Harold
  8406 | D:9      | Reached skill level 5 in Fighting
  8406 | D:9      | Reached skill level 12 in Dodging
  8763 | D:9      | You add the spells Gell's Gravitas, Teleport Other and
                  | Dispersal to your library.
  8893 | D:9      | Found a staircase to the Orcish Mines.
  8917 | D:9      | Reached XP level 11. HP: 20/72 MP: 17/17
  9409 | D:10     | Entered Level 10 of the Dungeon
  9421 | D:9      | Reached skill level 1 in Invocations
  9433 | D:9      | HP: 17/72 [yak (15)]
  9462 | D:9      | Reached skill level 6 in Fighting
  9462 | D:9      | Reached skill level 2 in Invocations
  9949 | D:9      | Reached skill level 13 in Dodging
  9975 | D:9      | HP: 16/72 [something (5)]
  9985 | D:9      | HP: 14/72 [something (5)]
 10790 | D:9      | Reached skill level 3 in Invocations
 11017 | D:10     | Found a staircase to the Lair.
 11276 | D:10     | Noticed a two-headed ogre
 11281 | D:10     | Killed a two-headed ogre
 11286 | D:10     | You pick up a book of the Dragon and begin reading...
 11286 | D:10     | You add the spells Cause Fear and Dragon's Call to your
                  | library.
 11293 | D:10     | Found a runed translucent gate.
 11293 | D:10     | Found a runed translucent gate.
 11293 | D:10     | Found a runed translucent gate.
 11494 | D:10     | Noticed LobsterGuardian's ghost (novice FeEn)
 11494 | D:10     | Noticed domi's ghost (journeyman DsWz)
 11555 | D:11     | Noticed a boulder beetle
 11996 | D:11     | Noticed a two-headed ogre
 11997 | D:11     | Noticed a boulder beetle
 12000 | D:11     | Killed a two-headed ogre
 12001 | D:11     | Reached skill level 4 in Invocations
 12325 | D:11     | Noticed a four-headed hydra
 12522 | Lair:1   | Entered Level 1 of the Lair of Beasts
 12643 | Lair:1   | Reached skill level 7 in Fighting
 12835 | Lair:1   | Reached XP level 12. HP: 75/81 MP: 18/18
 12863 | Lair:1   | Noticed Maggie
 12878 | Lair:1   | Killed Maggie
 12879 | Lair:1   | Reached skill level 14 in Dodging
 13025 | Lair:1   | Reached skill level 5 in Invocations
 13078 | Lair:1   | Reached skill level 9 in Slings
 13089 | Lair:1   | Reached **** piety under Yredelemnul
 13206 | Lair:1   | Reached ***** piety under Yredelemnul
 13418 | Lair:1   | You pick up a book of Conjurations {@e2} and begin
                  | reading...
 13418 | Lair:1   | You add the spells Magic Dart, Searing Ray and Fulminant
                  | Prism to your library.
 14555 | Lair:2   | Identified the +1 leather armour of Buoc {Will+ Int+5
                  | Dex-4}
 14778 | Lair:2   | Found a staircase to the Snake Pit.
 14786 | Lair:2   | HP: 18/82 [black mamba (6)]
 14801 | Lair:2   | HP: 20/82 [poisoned by a black mamba]
 14834 | Lair:2   | Reached skill level 6 in Invocations
 15097 | Lair:2   | Reached skill level 8 in Fighting
 15256 | Lair:2   | magus.rc [v1.9.6]
 15457 | Lair:2   | You pick up a book of Burglary and begin reading...
 15457 | Lair:2   | You add the spells Passwall, Ensorcelled Hibernation and
                  | Swiftness to your library.
 15461 | Lair:2   | Learned a level 2 spell: Passwall
 15465 | Lair:2   | Learned a level 3 spell: Swiftness
 15631 | Lair:2   | Noticed a five-headed hydra
 15635 | Lair:2   | Killed a five-headed hydra
 15757 | Lair:3   | Reached skill level 1 in Air Magic
 15757 | Lair:3   | Reached skill level 1 in Earth Magic
 15933 | Lair:3   | Found a gate leading to a gauntlet.
 15980 | Lair:3   | HP: 27/124 [blink frog (6)]
 15985 | Lair:3   | HP: 28/124 [poisoned by a cane toad]
 15985 | Lair:3   | HP: 11/124 [cane toad (17)]
 15990 | Lair:3   | HP: 15/186 [blink frog (4)]
 15993 | Lair:3   | Reached skill level 15 in Dodging
 15993 | Lair:3   | HP: 6/186 [blink frog (9)]
 16071 | Lair:3   | Noticed a five-headed hydra
 16081 | Lair:3   | Killed a five-headed hydra
 16344 | Lair:3   | Found a staircase to the Shoals.
 16364 | Lair:3   | Reached skill level 2 in Air Magic
 16364 | Lair:3   | Reached skill level 2 in Earth Magic
 16680 | Lair:3   | Reached XP level 13. HP: 89/89 MP: 19/19
 17314 | Lair:4   | Found a frozen archway.
 17648 | Lair:5   | Reached skill level 7 in Invocations
 17674 | Lair:5   | Reached skill level 10 in Slings
 17750 | Lair:5   | Reached skill level 3 in Earth Magic
 18230 | Lair:5   | Reached skill level 9 in Fighting
 18476 | Lair:5   | Found a viscous altar of Jiyva.
 18476 | Lair:5   | Found a staircase to the Slime Pits.
 18724 | Lair:6   | Entered Level 6 of the Lair of Beasts
 19038 | Lair:6   | HP: 20/90 [black mamba (11)]
 19043 | Lair:6   | HP: 18/135 [poisoned by a black mamba]
 19047 | Lair:6   | HP: 7/90 [poisoned by a black mamba]
 19294 | Lair:6   | Reached skill level 4 in Earth Magic
 19429 | Lair:6   | Reached skill level 8 in Invocations
 19433 | Lair:6   | Reached skill level 16 in Dodging
 19457 | Lair:5   | HP: 20/90 [poisoned by a water moccasin]
 19715 | Lair:6   | Noticed Urug
 19939 | Lair:6   | HP: 15/90 [death yak (19)]
 19986 | Lair:5   | HP: 10/90 [elephant (9)]
 20007 | Lair:5   | HP: 6/90 [elephant (10)]
 20008 | Lair:5   | HP: 2/90 [elephant (4)]
 20012 | Lair:5   | Slain by an elephant

Vanquished Creatures
  Harold (D:9)
  A boulder beetle (Lair:5)
  3 hydras
  A centaur warrior (D:8)
  2 two-headed ogres
  A black mamba (Lair:6)
  Maggie (Lair:1)
  2 elephants
  2 cane toads (Lair:3)
  2 rime drakes
  A torpor snail (Lair:5)
  9 komodo dragons
  An unseen horror (D:9)
  A troll (D:11)
  11 blink frogs
  3 dream sheep (Lair:5)
  A wraith (D:9)
  A vampire (D:10)
  31 yaks
  Eustachio (D:6)
  A steam dragon (D:8)
  4 wyverns
  2 basilisks
  Menkaure (D:6)
  2 acid dragons
  Edmund (D:4)
  15 water moccasins
  A swamp drake (D:9)
  An ice beast (D:8)
  5 sky beasts
  6 orc warriors
  3 black bears
  3 ogres
  15 wolves
  3 centaurs
  A phantom (D:5)
  Blork the orc (D:5)
  13 bullfrogs
  A necrophage (D:6)
  2 scorpions
  4 wights
  6 killer bees (D:9)
  2 howler monkeys
  A centaur zombie (D:9)
  6 hounds
  11 orc priests
  5 iguanas
  8 orc wizards
  7 adders
  3 gnolls
  2 shadow imps
  A white imp (D:5)
  2 ufetubi
  2 worms (D:3)
  36 orcs
  4 bats
  3 endoplasms
  A giant cockroach (D:3)
  8 goblins
  4 hobgoblins
  18 jackals
  8 kobolds
  4 quokkas
  5 ball pythons
  4 frilled lizards
  An orc zombie (D:9)
  4 rats
317 creatures vanquished.

Vanquished Creatures (collateral kills)
  A boulder beetle (Lair:5)
  A fire crab (Lair:6)
  A manticore (Lair:3)
  3 black mambas
  4 elephants
  3 cane toads
  A komodo dragon (Lair:2)
  A wind drake (Lair:3)
  2 dream sheep (Lair:5)
  3 yaks
  7 water moccasins
  An ice beast (D:8)
  An ogre (D:7)
  An orc warrior (D:6)
  7 wolves
  A kobold brigand (D:7)
  3 bullfrogs
  4 wights
  8 orcs (D:9)
  An endoplasm (D:2)
  2 goblins
  A frilled lizard (D:2)
  A kobold (D:7)
  A rat (D:2)
  A bush (Lair:2)
60 creatures vanquished.

Vanquished Creatures (others)
  3 blink frog zombies
  An elephant zombie (Lair:6)
  2 dream sheep zombies (Lair:5)
  A rime drake zombie (Lair:3)
  A komodo dragon zombie (Lair:1)
  A wyvern zombie (D:9)
  4 water moccasin zombies
  4 yak zombies
  4 wolf zombies
  6 bullfrog zombies
  A centaur zombie (D:6)
  A scorpion zombie (D:10)
  2 killer bee zombies (D:9)
  2 sky beast zombies
  2 hound zombies
  2 adder zombies
  A spectral shadow imp (D:5)
  A ball python zombie (D:4)
  A frilled lizard zombie (D:3)
  A giant cockroach zombie (D:3)
  A hobgoblin zombie (D:4)
  2 jackal zombies (D:4)
  A kobold zombie (D:7)
  27 orc zombies
  2 quokka zombies
  54 fungi
  66 plants
  6 withered plants (D:10)
200 creatures vanquished.

Grand Total: 577 creatures vanquished

Table legend:
 A = Non-vault XP
 B = Vault XP
 C = Vault XP percentage of total XP
 D = Non-vault monster count
 E = Vault monster count
 F = Vault count percentage of total count
                 A         B        C        D         E       F
            +---------+---------+-------+---------+---------+-------
      Total |   40168 |    9022 |  18.3 |     291 |      83 |  22.2
            +---------+---------+-------+---------+---------+-------
        D:1 |      41 |       0 |   0.0 |      23 |       0 |   0.0
        D:2 |      64 |       0 |   0.0 |      24 |       0 |   0.0
        D:3 |      38 |       0 |   0.0 |      11 |       0 |   0.0
        D:4 |     235 |     235 |  50.0 |      16 |       4 |  20.0
        D:5 |     616 |     285 |  31.6 |      15 |       6 |  28.6
        D:6 |    1086 |     929 |  46.1 |      14 |       9 |  39.1
        D:7 |    1235 |       0 |   0.0 |      21 |       0 |   0.0
        D:8 |    1883 |       0 |   0.0 |      13 |       0 |   0.0
        D:9 |    3730 |    1815 |  32.7 |      26 |      39 |  60.0
       D:10 |    2153 |     995 |  31.6 |      14 |       7 |  33.3
       D:11 |     163 |    1113 |  87.2 |       1 |       2 |  66.7
     Lair:1 |    5470 |     890 |  14.0 |      24 |       6 |  20.0
     Lair:2 |    3253 |    1538 |  32.1 |      18 |       6 |  25.0
     Lair:3 |    4375 |     816 |  15.7 |      17 |       2 |  10.5
     Lair:5 |   11328 |       0 |   0.0 |      42 |       0 |   0.0
     Lair:6 |    4498 |     406 |   8.3 |      12 |       2 |  14.3
            +---------+---------+-------+---------+---------+-------

Illustrated notes

Table legend:
 A = Kills in this place as a percentage of kills in entire the game.
 B = Kills by you in this place as a percentage of kills by you in the entire game.
 C = Kills by friends in this place as a percentage of kills by friends in the entire game.
 D = Other kills in this place as a percentage of other kills in the entire game.
 E = Experience gained in this place as a percentage of experience gained in the entire game.
 F = Experience gained in this place divided by the number of levels of this place that you have seen.
                   A       B       C       D       E      F
               +-------+-------+-------+-------+-------+----------------------
         Total | 100.0 | 100.0 | 100.0 |   N/A | 100.0 | 2893.5
       Dungeon |  65.5 |  69.8 |  42.4 |   N/A |  33.8 | 1510.5
          Lair |  34.5 |  30.2 |  57.6 |   N/A |  66.2 | 5429.0
               +-------+-------+-------+-------+-------+----------------------

Table legend: (Time is in decaauts)
 A = Elapsed time spent in this place.
 B = Non-inter-level travel time spent in this place.
 C = Inter-level travel time spent in this place.
 D = Time resting spent in this place.
 E = Time spent auto-exploring this place.
 F = Levels seen in this place.
 G = Mean time per level.
                   A        B        C        D        E       F      G
               +--------+--------+--------+--------+--------+-----+--------+
         Total |  20159 |  19677 |    482 |   5066 |  11715 |  17 | 1185.8 |
       Dungeon |  12725 |  12427 |    298 |   3119 |   7526 |  11 | 1156.8 |
          Lair |   7433 |   7250 |    183 |   1946 |   4189 |   6 | 1238.8 |
               +--------+--------+--------+--------+--------+-----+--------+

Top non-repeatable levels by time:
     D:9: 2618 daAuts
  Lair:5: 2176 daAuts
  Lair:1: 1666 daAuts
  Lair:3: 1577 daAuts
  Lair:2: 1432 daAuts
     D:5: 1377 daAuts
     D:8: 1093 daAuts
    D:10: 1093 daAuts
     D:1: 1082 daAuts
     D:7: 1051 daAuts
     D:6: 999 daAuts
     D:2: 983 daAuts
    D:11: 826 daAuts
     D:3: 813 daAuts
     D:4: 786 daAuts
